WIN
LOS ANGELES (WIN) ANGELS @ ARIZONA (WIN) DIAMONDBACKS
12/11/2045
 
TOP OF THE 1ST
Los Angeles (WIN) Angels batting - Pitching for Arizona (WIN) Diamondbacks : RHP Nate Machado
Pitching: RHP Nate Machado
Batting: LHB Rusty Ney 0-0: Ball
1-0: Fly out, F6 (Popup, 56, EV 60.6 MPH)
Batting: LHB Micah Miller 0-0: Ball
1-0: Ball
2-0: TRIPLE (Flyball, 89XD, EV 90.0 MPH)
Batting: RHB Alain Delhaye 0-0: Ball
1-0: Foul Ball, location: 2F
1-1: Called Strike
1-2: Strikes out looking
Batting: LHB Javier Trujillo 0-0: Called Strike
0-1: SINGLE (Line Drive, 6D, EV 97.5 MPH)
Micah Miller scores
Batting: RHB Mike Alm 0-0: Fielders Choice at 2nd, 6-4 (Groundball, 6, EV 85.0 MPH)
Top of the 1st over - 1 run, 2 hits, 0 errors, 1 left on base; Los Angeles (WIN) 1 - Arizona (WIN) 0
BOTTOM OF THE 1ST
Arizona (WIN) Diamondbacks batting - Pitching for Los Angeles (WIN) Angels : RHP Danny White
Pitching: RHP Danny White
Batting: RHB Andy Swaim 0-0: Ball
1-0: Called Strike
1-1: Foul Ball, location: 2F
1-2: Ball
2-2: Fly out, F7 (Flyball, 7LS, EV 84.4 MPH)
Batting: SHB Salvador Aragon 0-0: Called Strike
0-1: Ball
1-1: Called Strike
1-2: Foul Ball, location: 2F
1-2: Ball
2-2: Foul Ball, location: 2F
2-2: Foul Ball, location: 2F
2-2: SINGLE (Popup, 6D, EV 46.2 MPH)
Batting: RHB Katilimomi Kelekolio 0-0: Ball
1-0: Foul Ball, location: 2F
1-1: Called Strike
1-2: Fly out, F7 (Flyball, 8LS, EV 89.4 MPH)
Batting: LHB Jeff Densmore 0-0: Ball
1-0: Foul Ball, location: 2F
1-1: Called Strike
1-2: Foul Ball, location: 2F
1-2: Foul Ball, location: 2F
1-2: Ball
2-2: Ball
3-2: Strikes out swinging
Bottom of the 1st over - 0 runs, 1 hit, 0 errors, 1 left on base; Los Angeles (WIN) 1 - Arizona (WIN) 0
TOP OF THE 2ND
Los Angeles (WIN) Angels batting - Pitching for Arizona (WIN) Diamondbacks : RHP Nate Machado
Batting: RHB Bjoern Waltersson 0-0: Ground out U3 (Groundball, 34, EV 100.0 MPH)
Batting: RHB Avery Maxwell 0-0: Called Strike
0-1: Swinging Strike
0-2: Ball
1-2: Foul Ball, location: 2F
1-2: Ball
2-2: Foul Ball, location: 2F
2-2: Ball
3-2: Strikes out swinging, 2-3 out at first.
Batting: RHB Danny Bjarnson 0-0: Ball
1-0: Ball
2-0: Ball
3-0: Called Strike
3-1: Base on Balls
Batting: RHB Jose Ramirez 0-0: Swinging Strike
0-1: Called Strike
0-2: Ball
1-2: Strikes out swinging
Top of the 2nd over - 0 runs, 0 hits, 0 errors, 1 left on base; Los Angeles (WIN) 1 - Arizona (WIN) 0
BOTTOM OF THE 2ND
Arizona (WIN) Diamondbacks batting - Pitching for Los Angeles (WIN) Angels : RHP Danny White
Batting: RHB Dave Vargas 0-0: Ball
1-0: Ball
2-0: Foul Ball, location: 2F
2-1: Called Strike
2-2: Strikes out looking
Batting: LHB Bobby Arevalo 0-0: Foul Ball, location: 2F
0-1: Called Strike
0-2: Strikes out swinging
Batting: LHB Steve Reinhart 0-0: Called Strike
0-1: Ball
1-1: Ball
2-1: Foul Ball, location: 2F
2-2: Strikes out looking
Bottom of the 2nd over - 0 runs, 0 hits, 0 errors, 0 left on base; Los Angeles (WIN) 1 - Arizona (WIN) 0
TOP OF THE 3RD
Los Angeles (WIN) Angels batting - Pitching for Arizona (WIN) Diamondbacks : RHP Nate Machado
Batting: LHB Rusty Ney 0-0: Ball
1-0: Called Strike
1-1: Called Strike
1-2: Strikes out looking
Batting: LHB Micah Miller 0-0: Called Strike
0-1: Ground out 5-3 (Groundball, 56S, EV 86.9 MPH)
Batting: RHB Alain Delhaye 0-0: Called Strike
0-1: Foul Ball, location: 2F
0-2: Ball
1-2: Ball
2-2: Strikes out swinging
Top of the 3rd over - 0 runs, 0 hits, 0 errors, 0 left on base; Los Angeles (WIN) 1 - Arizona (WIN) 0
BOTTOM OF THE 3RD
Arizona (WIN) Diamondbacks batting - Pitching for Los Angeles (WIN) Angels : RHP Danny White
Batting: RHB Edgar Garcia 0-0: Ball
1-0: Called Strike
1-1: Foul Ball, location: 2F
1-2: SINGLE (Line Drive, 34D, EV 110.0 MPH)
Batting: RHB Franklin Villanueva 0-0: Called Strike
0-1: Ball
1-1: Swinging Strike
1-2: Foul Ball, location: 2F
1-2: SINGLE (Line Drive, 8LS, EV 95.6 MPH)
Edgar Garcia to second
Runner from 2nd tries for 3rd, SAFE, no throw by CF
Batting: RHB Andy Swaim 0-0: Called Strike
0-1: Ball
1-1: Ball
2-1: Swinging Strike
2-2: Fly out, F9 (Flyball, 9LM, EV 96.2 MPH)
Batting: SHB Salvador Aragon 0-0: Ball
1-0: Ball
2-0: Foul Ball, location: 2F
2-1: 3-RUN HOME RUN (Flyball, 7D, EV 98.8 MPH), Distance : 369 ft
Batting: RHB Katilimomi Kelekolio 0-0: Ball
1-0: Swinging Strike
1-1: Foul Ball, location: 2F
1-2: Strikes out looking
Batting: LHB Jeff Densmore 0-0: Foul Ball, location: 2F
0-1: Ball
1-1: Swinging Strike
1-2: Ball
2-2: Foul Ball, location: 2F
2-2: Ball
3-2: Base on Balls
Batting: RHB Dave Vargas 0-0: Called Strike
0-1: Swinging Strike
0-2: Ball
1-2: Foul Ball, location: 2F
1-2: Strikes out swinging
Bottom of the 3rd over - 3 runs, 3 hits, 0 errors, 1 left on base; Los Angeles (WIN) 1 - Arizona (WIN) 3
TOP OF THE 4TH
Los Angeles (WIN) Angels batting - Pitching for Arizona (WIN) Diamondbacks : RHP Nate Machado
Batting: LHB Javier Trujillo 0-0: Called Strike
0-1: Called Strike
0-2: Ball
1-2: Ball
2-2: Ball
3-2: Foul Ball, location: 2F
3-2: Foul Ball, location: 2F
3-2: Strikes out swinging
Batting: RHB Mike Alm 0-0: Called Strike
0-1: Foul Ball, location: 2F
0-2: Ball
1-2: Foul Ball, location: 2F
1-2: Foul Ball, location: 2F
1-2: Strikes out swinging
Batting: RHB Bjoern Waltersson 0-0: Called Strike
0-1: Called Strike
0-2: Reaches on Catchers interference
Batting: RHB Avery Maxwell 0-0: Called Strike
0-1: Fly out, F9 (Flyball, 9S, EV 91.2 MPH)
Top of the 4th over - 0 runs, 0 hits, 1 error, 1 left on base; Los Angeles (WIN) 1 - Arizona (WIN) 3
BOTTOM OF THE 4TH
Arizona (WIN) Diamondbacks batting - Pitching for Los Angeles (WIN) Angels : RHP Danny White
Batting: LHB Bobby Arevalo 0-0: SINGLE (Line Drive, 4MD, EV 95.6 MPH)
Batting: LHB Steve Reinhart 0-0: Called Strike
0-1: Foul Ball, location: 2F
0-2: Fielders Choice at 2nd, 6-4 (Groundball, 6S, EV 87.5 MPH)
Batting: RHB Edgar Garcia 0-0: SINGLE (Flyball, 8LS, EV 96.2 MPH)
Steve Reinhart to second
Batting: RHB Franklin Villanueva 0-0: Ball
1-0: 3-RUN HOME RUN (Flyball, 7LD, EV 90.6 MPH), Distance : 342 ft
Pitching: RHP Jose Alvarado
Batting: RHB Andy Swaim 0-0: Called Strike
0-1: Ball
1-1: Ball
2-1: Foul Ball, location: 2F
2-2: Foul Ball, location: 2F
2-2: Foul Ball, location: 2F
2-2: Strikes out swinging
Batting: SHB Salvador Aragon 0-0: Ball
1-0: Ball
2-0: Called Strike
2-1: Called Strike
2-2: Ball
3-2: Base on Balls
Batting: RHB Katilimomi Kelekolio 0-0: Swinging Strike
0-1: Ball
1-1: Ball
2-1: Swinging Strike
2-2: Ball
3-2: Base on Balls
Salvador Aragon to second
Batting: LHB Jeff Densmore 0-0: 3-RUN HOME RUN (Flyball, 8RXD, EV 108.1 MPH), Distance : 440 ft
Batting: RHB Dave Vargas 0-0: Ball
1-0: Called Strike
1-1: Foul Ball, location: 2F
1-2: Foul Ball, location: 2F
1-2: Ball
2-2: Ball
3-2: Strikes out swinging
Bottom of the 4th over - 6 runs, 4 hits, 0 errors, 0 left on base; Los Angeles (WIN) 1 - Arizona (WIN) 9
TOP OF THE 5TH
Los Angeles (WIN) Angels batting - Pitching for Arizona (WIN) Diamondbacks : RHP Nate Machado
Batting: RHB Danny Bjarnson 0-0: Ball
1-0: Ball
2-0: Ball
3-0: Called Strike
3-1: Called Strike
3-2: Ground out 4-3 (Groundball, 34, EV 89.4 MPH)
Batting: RHB Jose Ramirez 0-0: Called Strike
0-1: Fly out, F6 (Popup, P, EV 79.4 MPH)
Batting: LHB Rusty Ney 0-0: Ground out 5-3 (Groundball, 56, EV 98.1 MPH)
Top of the 5th over - 0 runs, 0 hits, 0 errors, 0 left on base; Los Angeles (WIN) 1 - Arizona (WIN) 9
BOTTOM OF THE 5TH
Arizona (WIN) Diamondbacks batting - Pitching for Los Angeles (WIN) Angels : RHP Jose Alvarado
Batting: LHB Bobby Arevalo 0-0: Ground out U3 (Groundball, 34S, EV 83.1 MPH)
Batting: LHB Steve Reinhart 0-0: SINGLE (Groundball, 34D, EV 95.0 MPH)
Batting: RHB Edgar Garcia 0-0: Called Strike
0-1: Called Strike
0-2: Ball
1-2: Foul Ball, location: 2F
1-2: Foul Ball, location: 2F
1-2: Foul Ball, location: 2F
1-2: Foul Ball, location: 2F
1-2: Strikes out swinging
Pitching: RHP Chris Russell
Batting: RHB Franklin Villanueva 0-0: Ball
Steve Reinhart steals 2nd base
1-0: Ball
2-0: Ball
3-0: Base on Balls
Batting: RHB Andy Swaim 0-0: Ball
1-0: Called Strike
1-1: Fly out, F8 (Flyball, 78M, EV 90.6 MPH)
Bottom of the 5th over - 0 runs, 1 hit, 0 errors, 2 left on base; Los Angeles (WIN) 1 - Arizona (WIN) 9
TOP OF THE 6TH
Los Angeles (WIN) Angels batting - Pitching for Arizona (WIN) Diamondbacks : RHP Nate Machado
Batting: LHB Micah Miller 0-0: Ball
1-0: Ball
2-0: Called Strike
2-1: Ground out 3-1 (Groundball, 13, EV 85.0 MPH)
Batting: RHB Alain Delhaye 0-0: Ball
1-0: Swinging Strike
1-1: Ball
2-1: Ground out 4-3 (Groundball, 4, EV 91.9 MPH)
Batting: LHB Javier Trujillo 0-0: Swinging Strike
0-1: Called Strike
0-2: Foul Ball, location: 2F
0-2: Ball
1-2: Ball
2-2: Fly out, F7 (Flyball, 7S, EV 90.0 MPH)
Top of the 6th over - 0 runs, 0 hits, 0 errors, 0 left on base; Los Angeles (WIN) 1 - Arizona (WIN) 9
BOTTOM OF THE 6TH
Arizona (WIN) Diamondbacks batting - Pitching for Los Angeles (WIN) Angels : RHP Chris Russell
Batting: SHB Salvador Aragon 0-0: Ball
1-0: Foul Ball, location: 2F
1-1: Called Strike
1-2: Foul Ball, location: 2F
1-2: Strikes out swinging
Batting: RHB Katilimomi Kelekolio 0-0: Called Strike
0-1: Ball
1-1: Ball
2-1: Ball
3-1: Base on Balls
Batting: LHB Jeff Densmore 0-0: Ball
1-0: Called Strike
Katilimomi Kelekolio steals 2nd base
1-1: Called Strike
1-2: Strikes out swinging
Batting: RHB Dave Vargas 0-0: Foul Ball, location: 2F
0-1: Foul Ball, location: 2F
0-2: Fly out, F4 (Popup, 4MD, EV 70.0 MPH)
Bottom of the 6th over - 0 runs, 0 hits, 0 errors, 1 left on base; Los Angeles (WIN) 1 - Arizona (WIN) 9
TOP OF THE 7TH
Los Angeles (WIN) Angels batting - Pitching for Arizona (WIN) Diamondbacks : RHP Nate Machado
Batting: RHB Mike Alm 0-0: Foul Ball, location: 2F
0-1: Swinging Strike
0-2: Ball
1-2: SINGLE (Flyball, 8LS, EV 90.6 MPH)
Batting: RHB Bjoern Waltersson 0-0: Called Strike
0-1: Foul Ball, location: 2F
0-2: Strikes out swinging
Batting: RHB Avery Maxwell 0-0: Called Strike
0-1: Ball
Mike Alm steals 2nd base (no throw)
1-1: Ball
2-1: Foul Ball, location: 2F
2-2: Fly out, F9 (Line Drive, 9S, EV 97.5 MPH)
Pitching: LHP Rene Eenkhoorn
Batting: RHB Danny Bjarnson 0-0: Called Strike
0-1: Ball
Passed Ball!
Mike Alm to third
1-1: Called Strike
1-2: Ball
2-2: Strikes out looking
Top of the 7th over - 0 runs, 1 hit, 0 errors, 1 left on base; Los Angeles (WIN) 1 - Arizona (WIN) 9
BOTTOM OF THE 7TH
Arizona (WIN) Diamondbacks batting - Pitching for Los Angeles (WIN) Angels : RHP Chris Russell
Batting: LHB Bobby Arevalo 0-0: Ball
1-0: Ball
2-0: Ball
3-0: Foul Ball, location: 2F
3-1: Base on Balls
Pitching: RHP Austin Maki
Batting: LHB Steve Reinhart 0-0: Ball
Bobby Arevalo steals 2nd base
1-0: Foul Ball, location: 2F
1-1: DOUBLE (Flyball, 8LXD, EV 95.6 MPH)
Bobby Arevalo scores
Batting: RHB Edgar Garcia 0-0: Ball
1-0: Ball
2-0: Ground out 3-1 (Groundball, 13, EV 86.9 MPH)
Steve Reinhart to third
Batting: RHB Franklin Villanueva 0-0: Ball
1-0: Foul Ball, location: 2F
1-1: Swinging Strike
1-2: Fly out, F8 (Flyball, 8RD, EV 106.2 MPH)
Runner from 3rd tags up, SCORES, throw by CF
Batting: RHB Andy Swaim 0-0: Called Strike
0-1: Ball
1-1: Foul Ball, location: 2F
1-2: Ground out 4-3 (Groundball, 4M, EV 91.2 MPH)
Bottom of the 7th over - 2 runs, 1 hit, 0 errors, 0 left on base; Los Angeles (WIN) 1 - Arizona (WIN) 11
TOP OF THE 8TH
Los Angeles (WIN) Angels batting - Pitching for Arizona (WIN) Diamondbacks : LHP Rene Eenkhoorn
Batting: RHB Jose Ramirez 0-0: Called Strike
0-1: Fly out, F7 (Flyball, 7, EV 89.4 MPH)
Batting: LHB Rusty Ney 0-0: Ball
1-0: Ball
2-0: Swinging Strike
2-1: Swinging Strike
2-2: Ball
3-2: Strikes out swinging
Batting: LHB Micah Miller 0-0: Called Strike
0-1: SINGLE (Line Drive, 34, EV 96.2 MPH)
Batting: RHB Alain Delhaye 0-0: Ball
1-0: Called Strike
1-1: Ball
2-1: Ball
3-1: Called Strike
3-2: Base on Balls
Micah Miller to second
Batting: LHB Javier Trujillo 0-0: Called Strike
0-1: Ball
1-1: Called Strike
1-2: SINGLE (Groundball, 15S, EV 70.0 MPH) (infield hit)
Micah Miller to third
Alain Delhaye to second
Batting: RHB Mike Alm 0-0: Foul Ball, location: 2F
0-1: SINGLE (Line Drive, 6M, EV 110.0 MPH)
Micah Miller scores
Alain Delhaye to third
Javier Trujillo to second
Runner from 3rd tries for Home, SAFE, throw by CF to home
Batting: RHB Bjoern Waltersson 0-0: Called Strike
0-1: Ball
1-1: Called Strike
1-2: SINGLE (Line Drive, 6D, EV 99.4 MPH)
Javier Trujillo to third
Mike Alm to second
Runner from 3rd tries for Home, SAFE, throw by LF to home
Batting: RHB Avery Maxwell 0-0: Ball
1-0: Called Strike
1-1: Foul Ball, location: 2F
1-2: Ball
2-2: Strikes out swinging
Top of the 8th over - 3 runs, 4 hits, 0 errors, 2 left on base; Los Angeles (WIN) 4 - Arizona (WIN) 11
BOTTOM OF THE 8TH
Arizona (WIN) Diamondbacks batting - Pitching for Los Angeles (WIN) Angels : RHP Austin Maki
Pinch Hitting: LHB Ruben Rocha 0-0: Ball
1-0: Ball
2-0: Called Strike
2-1: Ball
3-1: Foul Ball, location: 2F
3-2: Base on Balls
Batting: RHB Katilimomi Kelekolio 0-0: Foul Ball, location: 2F
0-1: Ball
1-1: Ball
2-1: Ball
3-1: Fly out, F9 (Flyball, 89XD, EV 94.4 MPH)
Batting: LHB Jeff Densmore 0-0: DOUBLE (Flyball, 8RXD, EV 107.5 MPH)
Ruben Rocha to third
Batting: RHB Dave Vargas 0-0: Foul Ball, location: 2F
0-1: Ball
1-1: Foul Ball, location: 2F
1-2: Foul Ball, location: 2F
1-2: Ball
2-2: Foul Ball, location: 2F
2-2: Foul Ball, location: 2F
2-2: Strikes out swinging
Batting: LHB Bobby Arevalo 0-0: Ball
1-0: Called Strike
1-1: Swinging Strike
1-2: Strikes out swinging
Bottom of the 8th over - 0 runs, 1 hit, 0 errors, 2 left on base; Los Angeles (WIN) 4 - Arizona (WIN) 11
TOP OF THE 9TH
Los Angeles (WIN) Angels batting - Pitching for Arizona (WIN) Diamondbacks : LHP Rene Eenkhoorn
Now in RF: Ruben Rocha
Batting: RHB Danny Bjarnson 0-0: Called Strike
0-1: Called Strike
0-2: Ball
1-2: SINGLE (Groundball, 56D, EV 110.6 MPH)
Batting: RHB Jose Ramirez 0-0: Called Strike
0-1: Swinging Strike
0-2: Ball
1-2: Foul Ball, location: 2F
1-2: Foul Ball, location: 2F
1-2: Strikes out swinging
Batting: LHB Rusty Ney 0-0: Swinging Strike
0-1: Foul Ball, location: 2F
0-2: Ball
1-2: Ball
2-2: Ball
3-2: Base on Balls
Danny Bjarnson to second
Pitching: LHP Randy Eisenmann
Batting: LHB Micah Miller 0-0: Swinging Strike
0-1: Called Strike
0-2: Strikes out swinging
Batting: RHB Alain Delhaye 0-0: Called Strike
0-1: Swinging Strike
0-2: Strikes out swinging
Top of the 9th over - 0 runs, 1 hit, 0 errors, 2 left on base; Los Angeles (WIN) 4 - Arizona (WIN) 11
Wednesday, June 22nd , 2022 - OOTP Baseball 23.4 Build 64